 Dungeon Crawl Stone Soup version 0.31-a0-369-g8eba5f6 (webtiles) character file.

Game seed: 12618394314636768611

2718 lyingbath the Fighter (level 9, -3/82 HPs)
             Began as a Minotaur Fighter on July 28, 2023.
             Was an Initiate of Qazlal.
             Succumbed to a gnoll sergeant's poison
             ... on level 6 of the Dungeon.
             The game lasted 00:16:31 (8884 turns).

lyingbath the Fighter (Minotaur Fighter)            Turns: 8884, Time: 00:16:32

Health: -3/82      AC:  8    Str: 25    XL:     9   Next: 39%
Magic:  8/8        EV:  9    Int:  5    God:    Qazlal [......]
Gold:   283        SH:  6    Dex: 10    Spells: 8/8 levels left

rFire   . . .        a - +0 war axe (flame)
rCold   . . .        c - +1 buckler
rNeg    . . .        b - +0 scale mail
rPois   .            (helmet restricted)
rElec   .            (no cloak)
rCorr   .            (no gloves)
SInv    .            (no boots)
Will    .....        (no amulet) Stlth
                     (no ring)
HPRegen 0.33/turn    (no ring)
MPRegen 0.11/turn

%: no passive effects
@: lethally poisoned (-3 -> -38)
A: horns 2, retaliatory headbutt
a: Renounce Religion


You were on level 6 of the Dungeon.
You worshipped Qazlal.
Qazlal was noncommittal.
You visited 2 branches of the dungeon, and saw 7 of its levels.

You collected 349 gold pieces.
You spent 66 gold pieces at shops.

Inventory:

Hand Weapons
 a - a +0 war axe of flaming (weapon)
Missiles
 p - a throwing net
Armour
 b - a +0 scale mail (worn)
 c - a +1 buckler (worn)
Jewellery
 i - a +6 ring of strength
 u - a ring of positive energy
Wands
 k - a wand of paralysis (8)
 q - a wand of roots (6)
 r - a wand of flame (14)
Scrolls
 f - 3 scrolls of teleportation
 j - a scroll of poison
 l - 2 scrolls of enchant weapon
 m - a scroll of immolation
 n - 2 scrolls of vulnerability
 o - a scroll of silence
 t - a scroll of brand weapon
 v - a scroll of enchant armour
 w - a scroll of blinking
Potions
 d - a potion of might
 e - a potion of mutation
 g - 3 potions of resistance
 h - a potion of heal wounds
 s - 2 potions of curing {unknown}
 x - a potion of magic {unknown}
 z - a potion of degeneration


   Skills:
 + Level 8.6 Fighting
 + Level 8.1 Axes
 + Level 8.6 Armour
 + Level 8.5 Shields


You had 8 spell levels left.
You didn't know any spells.
Your spell library contained the following spells:

 Spells                   Type           Power      Damage    Failure   Level
 Shock                    Conj/Air       0%         1d3       78%         1
 Summon Guardian Golem    Hex/Summ       0%         N/A       98%         3
 Swiftness                Air            0%         N/A       98%         3
 Airstrike                Air            0%         2d(0-16)  100%        4
 Orb of Destruction       Conj           0%         9d5       100%        7
 Spellforged Servitor     Conj/Summ      0%         N/A       100%        7


Dungeon Overview and Level Annotations

Branches:
Dungeon (6/15)             Temple (1/1) D:5

Altars:
Ashenzari
Cheibriados
Dithmenos
Fedhas
Gozag
Hepliaklqana
Kikubaaqudgha
Makhleb
Okawaru
Qazlal
Sif Muna
Trog
Uskayaw
Vehumet
Xom
Yredelemnul
The Shining One

Shops:
D:6 !!

Annotations:
D:4 1 runed translucent door, Crazy Yiuf
D:6 Blork the orc


Innate Abilities, Weirdness & Mutations

You have a pair of horns on your head.
You reflexively headbutt those who attack you in melee.


Message History

Anything else - Cancel.
You shout for attention!
What are your orders? t - Shout!
Orders for allies: a - Attack new target. r - Retreat! s - Stop attacking. g - Guard the area. f - Follow me.
Anything else - Cancel.
Okay, then.
A gnoll sergeant is nearby!
A gnoll sergeant is nearby!
The gnoll sergeant shouts!
No target in view!
No target in view!
No target in view!
The gnoll sergeant hits you with a +2 trident of venom.
You are poisoned.
You feel sick.
The gnoll sergeant hits you with a +2 trident of venom!
You are more poisoned.
You feel very sick.
The gnoll sergeant hits you with a +2 trident of venom!
You are more poisoned.
The gnoll sergeant attacks as you move away!
The gnoll sergeant closely misses you. You furiously retaliate!
You headbutt the gnoll sergeant!
You feel very sick.
The gnoll sergeant hits you from afar with a +2 trident of venom!
You are more poisoned.
You feel extremely sick. You block the gnoll's attack.
* * * LOW HITPOINT WARNING * * *
You feel extremely sick.
The gnoll sergeant hits you from afar with a +2 trident of venom!
* * * LOW HITPOINT WARNING * * *
You are more poisoned.
* * * LOW HITPOINT WARNING * * *
You feel extremely sick.
Blork the orc comes into view.
He is wielding a +0 dire flail and carrying a wand of polymorph.
You die...

#######
######.......
###....@^......
###...?..#####o..
#...#.g.####
##......g#⌠.#
#...#....#..
##...##...'...
##....##...'....
#......#...#.....
###
##.....#...######


You could see Blork the orc (asleep), a gnoll sergeant and a gnoll.

Vanquished Creatures
  Pikel (D:5)
  Grum (D:6)
  A sky beast (D:6)
  2 black bears (D:6)
  2 ice beasts
  An ogre (D:3)
  3 centaurs
  4 lemures (D:5)
  A phantom (D:6)
  A gnoll sergeant (D:6)
  3 scorpions
  A bullfrog (D:5)
  4 orc priests
  10 hounds
  A gnoll bouda (D:6)
  A jelly (D:4)
  A sleepcap (D:4)
  3 iguanas
  4 orc wizards
  Robin (D:3)
  8 adders
  12 gnolls
  2 shadow imps (D:6)
  An ufetubus (D:4)
  2 worms
  5 dart slugs
  16 orcs
  2 endoplasms
  4 giant cockroaches
  6 hobgoblins
  2 jackals (D:5)
  3 kobolds
  4 quokkas
  5 ball pythons
  8 bats
  2 frilled lizards
  12 goblins
  6 rats
146 creatures vanquished.

Notes
Turn   | Place    | Note
-------+----------+-------------------------------------------
     0 | D:1      | lyingbath the Minotaur Fighter began the quest for the Orb.
     0 | D:1      | Reached XP level 1. HP: 19/19 MP: 0/0
   162 | D:1      | Reached XP level 2. HP: 25/27 MP: 1/1
   388 | D:1      | Found a faded altar of an unknown god.
   403 | D:1      | Prayed at the altar of an unknown god.
   403 | D:1      | Became a worshipper of Sif Muna the Loreminder
   403 | D:1      | Reached * piety under Sif Muna
   426 | D:1      | Fell from the grace of Sif Muna
  1000 | D:2      | Reached XP level 3. HP: 27/33 MP: 2/2
  1440 | D:2      | Reached XP level 4. HP: 41/41 MP: 3/3
  1523 | D:3      | Found a stormy altar of Qazlal.
  1843 | D:3      | Noticed an ogre
  1848 | D:3      | Killed an ogre
  1849 | D:3      | Reached XP level 5. HP: 18/47 MP: 4/4
  1996 | D:3      | Reached skill level 5 in Armour
  2064 | D:3      | Reached skill level 5 in Fighting
  2064 | D:3      | Reached skill level 5 in Shields
  2172 | D:3      | Reached XP level 6. HP: 32/56 MP: 5/5
  2313 | D:3      | Noticed Robin
  2321 | D:3      | Killed Robin
  3193 | D:4      | Found a runed translucent door.
  3194 | D:4      | Noticed Crazy Yiuf
  3730 | D:4      | Found a bloodstained altar of Trog.
  3801 | D:4      | Reached skill level 5 in Axes
  3882 | D:4      | Reached XP level 7. HP: 43/62 MP: 6/6
  4543 | D:5      | Entered Level 5 of the Dungeon
  5220 | D:3      | Became a worshipper of Qazlal Stormbringer
  5436 | D:5      | Found a basalt altar of Yredelemnul.
  5526 | D:5      | Reached XP level 8. HP: 60/71 MP: 7/7
  5619 | D:5      | Was forgiven by Sif Muna
  5625 | D:5      | Found a staircase to the Ecumenical Temple.
  5636 | Temple   | Entered the Ecumenical Temple
  5662 | D:6      | Noticed Pikel
  6361 | D:6      | Paralysed by Pikel for 3 turns
  6369 | D:6      | Paralysed by Pikel for 3 turns
  6842 | D:6      | Found Awigut's Distillery.
  6857 | D:6      | Bought a potion of might for 52 gold pieces
  7037 | D:6      | Paralysed by Pikel for 2 turns
  7042 | D:6      | Paralysed by Pikel for 4 turns
  7331 | D:6      | Paralysed by Pikel for 2 turns
  7337 | D:6      | Paralysed by Pikel for 4 turns
  7344 | D:6      | Paralysed by Pikel for 5 turns
  7354 | D:5      | Killed Pikel
  7355 | D:5      | Reached XP level 9. HP: 16/81 MP: 8/8
  7640 | D:6      | Noticed Grum
  7648 | D:6      | Killed Grum
  7960 | D:6      | Found Caoxkyps's Distillery.
  8037 | D:6      | Bought a potion of degeneration for 14 gold pieces
  8135 | D:6      | Reached * piety under Qazlal
  8585 | D:6      | Found a hazy altar of Hepliaklqana.
  8884 | D:6      | Noticed Blork the orc
  8884 | D:6      | Succumbed to a gnoll sergeant's poison

Illustrated notes

Levels and vault maps discovered:
D:1:      dpeg_arrival_houses_and_road, layout_basic,
          ebering_ecumenical_altar_mist
D:2:      layout_rooms, kennysheep_generic_room_14
D:3:      layout_loops_ring, nicolae_qazlal_general_emergency, serial_forest,
          infiniplex_forest_lined_1, infiniplex_forest_clump_long,
          infiniplex_forest_lined_corner, infiniplex_forest_clump_long,
          infiniplex_forest_lined_room_2, uniq_robin
D:4:      layout_loops_corners, lemuel_round_altar, uniq_crazy_yiuf_cottage
D:5:      layout_rooms, mainiacjoe_overflow_paths,
          minmay_temple_entry_enclosed_plants
D:6:      layout_cave_pools, worldfamousw_hep_ancestral_shrine,
          serial_gnoll_camp, grums_kennel, gnoll_camp_mini_house,
          gnoll_camp_mini_hut, gnoll_camp_mini_shop, nicolae_stop_n_shop_2,
          dk_noncrumbling_3, uniq_pikel, uniq_blork_the_orc
Temple:   nicolae_temple_god_jail

Skill      XL: |  1  2  3  4  5  6  7  8  9 |
---------------+----------------------------+-----
Fighting       | 4 5 6 8 |  8.6
Shields        | 4 5 6 7 8 |  8.5
Armour         | 4 5 6 8 |  8.6
Axes           | 3 4 5 6 7 8 |  8.1

Action                     |  1- 3 |  4- 6 |  7- 9 || total
---------------------------+-------+-------+-------++-------
  Melee: War axe           |    68 |   138 |   182 ||   388
         Headbutt          |     5 |    22 |    36 ||    63
 Invoke: Renounce Religion |     1 |       |       ||     1
    Use: Scroll            |     1 |     4 |    12 ||    17
         Potion            |       |     1 |     5 ||     6
 Armour: Scale mail        |    33 |    56 |   117 ||   206
  Dodge: Dodged            |    32 |    47 |    95 ||   174
  Block: Buckler           |    13 |    39 |    78 ||   130

Table legend: (Time is in decaauts)
 A = Elapsed time spent in this place.
 B = Non-inter-level travel time spent in this place.
 C = Inter-level travel time spent in this place.
 D = Time resting spent in this place.
 E = Time spent auto-exploring this place.
 F = Levels seen in this place.
 G = Mean time per level.
                   A        B        C        D        E       F      G
               +--------+--------+--------+--------+--------+-----+--------+
         Total |   8980 |   8902 |     78 |   1988 |   5231 |   7 | 1282.9 |
       Dungeon |   8978 |   8900 |     78 |   1988 |   5231 |   6 | 1496.3 |
        Temple |      1 |      1 |      0 |      0 |      0 |   1 |    1.0 |
               +--------+--------+--------+--------+--------+-----+--------+

Top non-repeatable levels by time:
     D:5: 2609 daAuts
     D:3: 1759 daAuts
     D:4: 1646 daAuts
     D:6: 1433 daAuts
     D:1: 948 daAuts
     D:2: 581 daAuts
  Temple: 1 daAuts
